Unix NetHack Version 3.7.0-73 Work-in-progress - last build Feb 17 2023 02:16:44 (48fe2e8c4a70f1d2d5b622443eb9b5bc1b8d05f7,branch:master). Game began 2023-02-24 20:47:56, ended 2023-02-24 22:27:34. Gandelf, neutral male human Monk --------- $ |...|...| -------## |.......| ## |.....-## --------- |.......| *### |.....|#####........| |.......| # ### |.....|# |...%..)| --|------ -----# ######.....>|# |.......| # |....##### -------% |.....<.| ## ####....|###%##a@Z######## --------- # # # |...| ####ej ###### # ## |.... ## # # # ----- # # --.----- # # ----------- # |.x....| # ##..........| # ######## |.......## |.........| ### #}}}}}}# |......| $ |.....^...| # #} }# |......| |.........-#### # #} $ }# -------- ----------- ## |.^....|######} $ }## #####.......-# #} }# -----+-- #}}}}}}# ######## Gandelf the Initiate St:17 Dx:15 Co:12 In:11 Wi:15 Ch:9 Neutral S:3928 Dlvl:5 $:0 HP:0(49) Pw:34(34) AC:-1 Xp:7/862 T:5626 Burdened Latest messages: The orc zombie hits! The orc zombie hits! A killer bee suddenly appears next to you! The killer bee just misses! The killer bee stings! The killer bee's sting was poisoned! The poison doesn't seem to affect you. The orc zombie hits! The killer bee stings! The killer bee's sting was poisoned! The poison doesn't seem to affect you. The killer bee stings! The orc zombie hits! The killer bee stings! The killer bee stings! The killer bee stings! The killer bee stings! The killer bee misses! The orc zombie hits! The killer bee stings! The killer bee misses! The killer bee misses! The killer bee stings! The killer bee stings! The killer bee's sting was poisoned! The poison doesn't seem to affect you. The killer bee stings! The killer bee's sting was poisoned! The poison doesn't seem to affect you. The orc zombie hits! The killer bee misses! The killer bee stings! The killer bee stings! The orc zombie hits! The killer bee stings! The killer bee stings! The orc zombie misses! The killer bee just misses! The orc zombie hits! The killer bee stings! The killer bee stings! The orc zombie hits! The killer bee misses! The orc zombie hits! You die... Do you want your possessions identified? [ynq] (y) y Do you want to see your attributes? [ynq] (y) y Do you want an account of creatures vanquished? [ynaq] (y) y Do you want to see your conduct and achievements? [ynq] (y) y Do you want to see the dungeon overview? [ynq] (y) y Inventory: Weapons c - 12 +0 arrows S - a +0 elven dagger v - the blessed rustproof +0 Cleaver Armor D - an uncursed +1 pair of gauntlets of dexterity (being worn) a - an uncursed +2 pair of leather gloves q - a blessed +3 pair of iron shoes (being worn) y - an uncursed +0 cloak of displacement b - a blessed +2 robe (being worn) Scrolls l - an uncursed scroll of amnesia s - 2 blessed scrolls of confuse monster r - an uncursed scroll of destroy armor n - a blessed scroll of enchant weapon W - 2 uncursed scrolls of enchant weapon o - an uncursed scroll of fire G - an uncursed scroll of gold detection f - a cursed scroll of identify U - an uncursed scroll of light d - 2 uncursed scrolls of teleportation Potions h - an uncursed potion of enlightenment p - a cursed potion of extra healing Q - a cursed potion of extra healing t - an uncursed potion of gain ability E - a cursed potion of object detection Z - a cursed potion of oil P - an uncursed potion of speed T - 5 potions of holy water i - 3 uncursed potions of water M - an uncursed potion of water R - an uncursed potion of water Rings z - a cursed ring of fire resistance Wands C - a cursed wand of magic missile (0:6) Tools A - an uncursed sack containing 13 items g - a bag of tricks (0:14) X - an uncursed leather drum I - an uncursed tallow candle Gems/Stones J - 2 uncursed amber stones x - 2 cursed worthless pieces of orange glass Y - an uncursed luckstone Contents of the sack: 150 gold pieces 6 uncursed apples 2 cursed carrots 4 cursed food rations 3 uncursed fortune cookies 4 cursed fortune cookies 2 cursed lembas wafers 6 uncursed oranges 7 cursed oranges a cursed tripe ration a cursed egg a blessed spellbook of healing a +0 pick-axe Gandelf the Monk's attributes: Background: You were an Initiate, a level 7 male human Monk. You were neutral, on a mission for Chih Sung-tzu who was opposed by Shan Lai Ching (lawful) and Huan Ti (chaotic). You were in the Dungeons of Doom, on level 5. You entered the dungeon 5626 turns ago. It was nighttime. You had 862 experience points, 418 more were needed to attain level 8. Your score was 3928 before end-of-game adjustments. Basics: You had 0 out of 49 hit points. You had all 34 energy points (spell power). Your armor class was -1. Your wallet was empty, but you had 150 zorkmids stashed away in your pack. Autopickup was off. Final Characteristics: Your strength was 17 (limit:18/100). Your dexterity was 15 (base:14, limit:18). Your constitution was 12 (limit:18). Your intelligence was 11 (limit:18). Your wisdom was 15 (limit:18). Your charisma was 9 (limit:18). Final Status: You were not hungry. You were burdened; movement was slightly slowed. You were empty handed. You had basic skill with martial arts and could have enhanced that. Final Attributes: You were piously aligned. You were sleep resistant. You were poison resistant. You saw invisible. You were warned. You were stealthy. You were guarded. You were fast. You were lucky. You had extra luck. Bad luck did not time out for you. Good luck did not time out for you. You are dead. Miscellaneous: You encountered 1 bones level. Total elapsed playing time was 54 minutes and 36 seconds. Major events: Turn 1: Gandelf the neutral male human Monk entered the dungeon 89: made his first wish - "blessed +3 polished silver-shield", got "a polished silver shield" 577: entered the Gnomish Mines 651: attained the rank of Novice (level 3) 677: was bestowed with Cleaver by Chih Sung-tzu 1558: reached Mine Town 1696: attained the rank of Initiate (level 6) 3988: destroyed Gandelf's ghost, the former Initiate 5626: killed by an orc zombie, while frozen by a floating eye's gaze Vanquished creatures: a ghost 2 small mimics a dingo a raven a fire ant an imp a wood nymph a water nymph 5 Uruk-hai an orc shaman a rock mole a yellow light 2 shriekers 3 gnome leaders 2 gnomish wizards 2 ghouls 2 giant ants a floating eye 7 dwarves a homunculus a rabid rat a centipede 2 giant bats an orc zombie an iguana 3 hobbits a large kobold 2 hobgoblins 5 giant rats 2 yellow molds a green mold a red mold 23 gnomes 7 geckos 7 jackals a fox 2 goblins 2 sewer rats 7 grid bugs 3 lichens a kobold zombie 2 newts 113 creatures vanquished. No species were genocided or became extinct. Voluntary challenges: You followed a strict vegan diet. You read items or engraved 10 times. You never engraved Elbereth. You never genocided any monsters. You never polymorphed an object. You never changed form. You used 1 wish. You did not wish for any artifacts. Achievements: You entered the Gnomish Mines. You attained the rank of Novice. You entered Minetown. You entered a shop. You attained the rank of Initiate. You entered a temple. The Dungeons of Doom: levels 1 to 7 Level 1: An altar to Chih Sung-tzu, a fountain, a sink. Level 2: A fountain. Stairs down to The Gnomish Mines. Level 3: Level 4: A scroll shop. Level 5: <- You were here. A grave. Final resting place for you, killed by an orc zombie, while frozen by a floating eye's gaze. Level 6: A fountain. Final resting place for Gandelf-Mon-Hum-Mal-Neu, killed by a white unicorn. Level 7: The Gnomish Mines: levels 3 to 5 Level 3: Level 4: Level 5: Many shops, a temple, some fountains. Game over: ---------- / \ / REST \ / IN \ / PEACE \ / \ | Gandelf | | 150 Au | | killed by an orc | | zombie | | | | | | 2023 | *| * * * | * _________)/\\_//(\/(/\)/\//\/|_)_______ Goodbye Gandelf the Monk... You died in The Dungeons of Doom on dungeon level 5 with 3913 points, and 150 pieces of gold, after 5626 moves. You were level 7 with a maximum of 49 hit points when you died.